 Dungeon Crawl Stone Soup version 0.21-a0-442-g848f44b (webtiles) character file.

432 theanonym the Cleaver (level 7, -5/57 HPs)
             Began as a Hill Orc Monk on Nov 13, 2017.
             Slain by theanonym's ghost (11 damage)
             ... on level 4 of the Dungeon.
             The game lasted 00:08:52 (4685 turns).

theanonym the Cleaver (Hill Orc Monk)               Turns: 4685, Time: 00:08:52

Health: -5/57      AC:  6    Str: 15 (16) XL:     7   Next: 0%
Magic:  7/7        EV: 12    Int:  7 (10) God:
Gold:   266        SH:  0    Dex: 12 (13) Spells: 6/6 levels left

rFire    . . .     SeeInvis +   a - +1 hand axe
rCold    + . .     Gourm    .   (no shield)
rNeg     . . .     Faith    .   j - +3 leather armour {rC+}
rPois    .         Spirit   .   (no helmet)
rElec    .         Reflect  .   (no cloak)
rCorr    .         Harm     .   (no gloves)
MR       .....                  (no boots)
Stlth    +.........             (no amulet)
HPRegen  0.19/turn              m - ring of see invisible {sInv}
MPRegen  0.10/turn              (no ring)

@: no status effects
A: no striking features
a: no special abilities


   Skills:
 + Level 3.6 Fighting
 * Level 10.0 Axes
 - Level 2.4 Dodging
 - Level 1.5 Stealth


You had 6 spell levels left.
You didn't know any spells.

Skill      XL: |  1  2  3  4  5  6 |
---------------+-------------------+-----
Axes           | 5 6 7 9 10 | 10.0
Fighting       | |  3.6
Dodging        | |  2.4
Stealth        | |  1.5

Action                   |  1- 3 |  4- 6 |  7- 9 || total
-------------------------+-------+-------+-------++-------
Melee: Hand axe          |   139 |   282 |    11 ||   432
Throw: Javelin           |       |     3 |       ||     3
  Use: Scroll            |       |    11 |       ||    11
       Potion            |       |     7 |       ||     7
 Stab: Sleeping          |     2 |       |       ||     2
       Invisible         |       |    11 |       ||    11
  Eat: Chunk             |     2 |     6 |       ||     8
       Meat ration       |       |     1 |       ||     1
Armor: Robe              |     8 |       |       ||     8
       Ring mail         |    31 |     2 |       ||    33
       Scale mail        |       |    21 |       ||    21
       Chain mail        |       |   111 |     1 ||   112
       Leather armour    |       |       |     1 ||     1
Dodge: Dodged            |    88 |   101 |     3 ||   192

Inventory:

Hand Weapons
 a - a +1 hand axe (weapon)
Missiles
 q - 3 javelins (quivered)
Armour
 j - a +3 leather armour of cold resistance (worn)
   (You took it off Ijyb on level 4 of the Dungeon)
 x - a +1 chain mail
   (You found it on level 2 of the Dungeon)
Jewellery
 m - a ring of see invisible (left hand) {sInv}
   (You found it on level 1 of the Dungeon)
Wands
 l - a wand of confusion (0/48)
   (You took it off Ijyb on level 4 of the Dungeon)
Scrolls
 d - a scroll of fear {!r}
 e - a scroll of enchant weapon
 f - 2 scrolls of fog {!r}
 h - 2 scrolls of recharging
 i - a scroll of magic mapping {unknown}
 r - a scroll of identify
 t - 2 scrolls of remove curse
Potions
 n - a potion of flight
 o - a potion of haste {unknown}
Comestibles
 b - 3 fruits
 c - 2 bread rations
 g - a meat ration
 k - 2 royal jellies

Dungeon Overview and Level Annotations

Branches:
Dungeon (4/15)
 Temple: D:4-7

Altars:
Makhleb
Xom

Annotations:
D:3 2 transporters
D:4 theanonym's ghost, amateur HOFi


You were on level 4 of the Dungeon.
You were not hungry.

You visited 1 branch of the dungeon, and saw 4 of its levels.

You collected 266 gold pieces.


Message History

You feel resistant to cold.
You regained 2 hp, and now have 28/57 hp.
Wear which item? (? for menu, Esc to quit)
You start removing your armour.
You continue taking off your +3 leather armour of cold resistance. x4
You finish taking off your +3 leather armour of cold resistance.
You feel less resistant to cold.
You start putting on your armour.
You continue putting on your +1 chain mail. x5
You finish putting on your +1 chain mail.
You regained 2 hp, and now have 30/57 hp.
Unknown command.
Unknown command.
Wear which item? (? for menu, Esc to quit)
You start removing your armour.
You continue taking off your +1 chain mail. x4
You finish taking off your +1 chain mail.
You start putting on your armour.
You continue putting on your +3 leather armour of cold resistance. x5
You finish putting on your +3 leather armour of cold resistance.
You feel resistant to cold.
You regained 2 hp, and now have 32/57 hp.
Wear which item? (? for menu, Esc to quit)
You start removing your armour.
You continue taking off your +3 leather armour of cold resistance. x4
You finish taking off your +3 leather armour of cold resistance.
You feel less resistant to cold.
You start putting on your armour.
You continue putting on your +1 chain mail. x5
You finish putting on your +1 chain mail.
Wear which item? (? for menu, Esc to quit)
You start removing your armour.
You continue taking off your +1 chain mail. x4
You finish taking off your +1 chain mail.
You start putting on your armour.
You continue putting on your +3 leather armour of cold resistance. x5
You finish putting on your +3 leather armour of cold resistance.
You feel resistant to cold.
You regained 2 hp, and now have 35/57 hp.
Wear which item? (? for menu, Esc to quit)
You start removing your armour.
You continue taking off your +3 leather armour of cold resistance. x4
You finish taking off your +3 leather armour of cold resistance.
You feel less resistant to cold.
Wear which item? (? for menu, Esc to quit)
You start putting on your armour.
You continue putting on your +1 chain mail. x4
You finish putting on your +1 chain mail.
Wear which item? (? for menu, Esc to quit)
You start removing your armour.
You continue taking off your +1 chain mail. x4
You finish taking off your +1 chain mail.
You start putting on your armour.
You continue putting on your +3 leather armour of cold resistance. x5
You finish putting on your +3 leather armour of cold resistance.
You feel resistant to cold.
You regained 2 hp, and now have 39/57 hp.
You start resting.
All of the chunks of flesh in your inventory have rotted away.
Health restored: 57 Unknown command.
Setting a skill training target for Axes at 14.0.
Unknown command.
Partly explored, unvisited transporter.
Partly explored, unvisited transporter.
There is a stone staircase leading down here.
You climb downwards.
Level annotation: theanonym's ghost, amateur HOFi
There is a stone staircase leading up here.
There is a stone staircase leading up here.
i - a scroll labeled OCZAENOIXE
o - a metallic black potion The phantom is too close now for your liking.
A phantom is nearby!
A phantom is nearby!
A phantom is nearby!
A phantom is nearby!
Theanonym's ghost turns its malevolent gaze towards you.
The phantom blinks!
You hit theanonym's ghost.
The phantom blinks!
Theanonym's ghost hits you!
You take 9 damage, and have 48/57 hp.
You hit theanonym's ghost but do no damage.
The phantom blinks!
You closely miss theanonym's ghost. Theanonym's ghost hits you!
You take 14 damage, and have 34/57 hp.
MASSIVE DAMAGE!!
You are too injured to fight recklessly!
You closely miss theanonym's ghost. Theanonym's ghost hits you!
* * * LOW HITPOINT WARNING * * *
You take 11 damage, and have 23/57 hp.
The phantom blinks!
You hit the phantom.
You hit theanonym's ghost but do no damage.
The phantom hits you but does no damage.
Theanonym's ghost hits you!!
* * * LOW HITPOINT WARNING * * *
You take 18 damage, and have 6/57 hp.
MASSIVE DAMAGE!!
You hit the phantom.
You hit theanonym's ghost but do no damage.
The phantom barely misses you. Theanonym's ghost hits you!
You die...

.#.....<...............#
...##.#####.####.##.#..#
...##.# #.# #.#.###.##
......# #.# #..## ##.#
...#### #.# #.#.###.##
...# ###.####.##.#..#
.### ##.#......###.#># .#
##...#####W# #.#.##
.######.........@###....#
......>.....####W##.....#
########...#####.#......#
##......ยง........###
#.####............# #.#
#.##.......#.# #.# #.
##.....##W# .# #.
##....##<# # ##.#.##)#


You could see a phantom and theanonym's ghost.

Notes
Turn   | Place    | Note
-------+----------+-------------------------------------------
     0 | D:1      | theanonym the Hill Orc Monk began the quest for the Orb.
     0 | D:1      | Reached XP level 1. HP: 19/19 MP: 1/1
    68 | D:1      | HP: 9/19 [hobgoblin (3)]
    72 | D:1      | Reached XP level 2. HP: 7/26 MP: 2/2
   479 | D:1      | Reached skill level 5 in Axes
  1085 | D:1      | Reached XP level 3. HP: 31/31 MP: 3/3
  1502 | D:2      | Reached skill level 6 in Axes
  1651 | D:2      | Reached XP level 4. HP: 39/39 MP: 4/4
  2235 | D:3      | Found a faded altar of an unknown god.
  2239 | D:3      | Reached skill level 7 in Axes
  2252 | D:3      | Reached XP level 5. HP: 26/45 MP: 5/5
  2357 | D:3      | Found a transporter.
  2359 | D:3      | Noticed a kobold demonologist
  2383 | D:3      | Found a transporter.
  2525 | D:3      | Found a shimmering altar of Xom.
  2898 | D:3      | Reached skill level 8 in Axes
  3489 | D:4      | Noticed a phantom
  3600 | D:4      | Noticed a phantom
  3624 | D:4      | Killed a phantom
  3624 | D:4      | Reached skill level 9 in Axes
  3624 | D:4      | Reached XP level 6. HP: 44/51 MP: 6/6
  3714 | D:4      | Noticed Ijyb
  3719 | D:4      | Noticed theanonym's ghost (amateur HOFi)
  4056 | D:4      | Killed Ijyb
  4056 | D:4      | Reached skill level 10 in Axes
  4276 | D:4      | Found a burning altar of Makhleb.
  4304 | D:4      | Reached XP level 7. HP: 56/57 MP: 7/7
  4414 | D:4      | HP: 26/57 [theanonym's ghost (5)]
  4682 | D:4      | HP: 23/57 [theanonym's ghost (11)]
  4684 | D:4      | HP: 6/57 [theanonym's ghost (18)]
  4685 | D:4      | Slain by theanonym's ghost

Vanquished Creatures
  A phantom (D:4)
  A howler monkey (D:4)
  2 orc priests
  2 orc wizards (D:4)
  Ijyb (D:4)
  5 adders
  An ooze (D:2)
  5 worms
  A dart slug (D:1)
  4 leopard geckos
  14 orcs
  5 bats
  5 giant cockroaches
  3 goblins
  12 hobgoblins
  11 jackals
  2 quokkas (D:4)
  3 frilled lizards
  6 kobolds
  9 rats
93 creatures vanquished.
